 Dungeon Crawl Stone Soup version 0.26.0-10-g1f06aea511 (webtiles) character file.

Game seed: 1126886142296049753

749 MisterFreud the Conjurer (level 7, -3/46 HPs)
             Began as a Demonspawn Conjurer on Jan 28, 2021.
             Was an Initiate of Sif Muna.
             Slain by Crazy Yiuf
             ... wielding a +2 quarterstaff of chaos
              (4 damage)
             ... on level 5 of the Dungeon.
             The game lasted 00:08:18 (4903 turns).

MisterFreud the Conjurer (Demonspawn Conjurer)      Turns: 4903, Time: 00:08:18

Health: -3/46      AC: 14    Str:  8    XL:     7   Next: 48%
Magic:  11/14      EV: 12    Int: 21    God:    Sif Muna [......]
Gold:   232        SH:  0    Dex: 11    Spells: 14/15 levels left

rFire    . . .     SeeInvis .   e - +2 short sword (protect)
rCold    . . .     Faith    .   (no shield)
rNeg     . . .     Spirit   .   u - +2 robe {Will+}
rPois    .         Reflect  .   (no helmet)
rElec    .         Harm     .   c - +0 cloak
rCorr    .         Rampage  .   (no gloves)
Will     +....                  (no boots)
Stlth    ++........             (no amulet)
HPRegen  0.15/turn              (no ring)
MPRegen  0.14/turn              (no ring)

@: lethally poisoned (-3 -> -11), sanguine armour, very slightly contaminated,
invisible
A: talons 1, demonic guardian 1, powered by pain 1, sanguine armour 2
a: Renounce Religion


You were on level 5 of the Dungeon.
You worshipped Sif Muna.
Sif Muna was noncommittal.
You visited 2 branches of the dungeon, and saw 6 of its levels.

You collected 232 gold pieces.

Inventory:

Hand Weapons
 e - a +2 short sword of protection (weapon)
 i - a +1 hand axe of draining
Missiles
 w - 13 poisoned darts
 y - 8 atropa-tipped darts
Armour
 c - a +0 cloak (worn)
 u - a +2 robe of willpower (worn)
Magical Staves
 x - an uncursed staff of earth
Scrolls
 a - 2 scrolls of blinking {unknown}
 b - 2 scrolls of amnesia {unknown}
 f - 6 scrolls of remove curse {unknown}
 g - 5 scrolls of identify {unknown}
 k - 3 scrolls of teleportation {unknown}
 l - a scroll of fear {unknown}
 o - 2 scrolls of magic mapping {unknown}
 p - a scroll of fog {unknown}
 r - a scroll of enchant weapon {unknown}
Potions
 d - 3 potions of attraction {unknown}
 h - 3 potions of curing {unknown}
 j - a potion of lignification {unknown}
 m - 2 potions of ambrosia {unknown}
 n - a potion of invisibility {unknown}
 q - 2 potions of brilliance {unknown}
 s - a potion of degeneration {unknown}
 t - a potion of flight {unknown}
 v - a potion of heal wounds {unknown}


   Skills:
 - Level 1.7 Dodging
 - Level 1.7 Stealth
 + Level 4.7 Spellcasting
 * Level 7.9 Conjurations


You had 14 spell levels left.
You knew the following spells:

 Your Spells              Type           Power        Failure   Level
a - Magic Dart            Conj           100%         1%          1

Your spell library contained the following spells:

 Spells                   Type           Power        Failure   Level
 Searing Ray              Conj           76%          1%          2
 Dazzling Flash           Conj/Hex       42%          6%          3
 Fulminant Prism          Conj/Hex       10%          22%         4
 Iskenderun's Mystic Bla  Conj/Tloc      21%          22%         4


Dungeon Overview and Level Annotations

Branches:
Dungeon (5/15)             Temple (1/1) D:4

Altars:
Ashenzari
Cheibriados
Dithmenos
Gozag
Hepliaklqana
Kikubaaqudgha
Makhleb
Nemelex Xobeh
Okawaru
Qazlal
Ru
Sif Muna
Trog
Vehumet
Wu Jian
Xom
Zin
The Shining One

Shops:
D:5 [[}([

Annotations:
D:5 2 transporters, Crazy Yiuf; p0werm0de's ghost, amateur PaCK


Innate Abilities, Weirdness & Mutations

You have sharp toenails.
A weak demonic guardian rushes to your aid.
You sometimes gain a little power by taking damage.
When seriously injured, your bleeding wounds create thick armour. (AC +9)


Message History

You feel sick. Crazy Yiuf hits you but does no damage.
You fade into invisibility!
You are very lightly contaminated with residual magic.
Casting: Magic Dart (safe; 1% risk of failure)
Confirm with . or Enter, or press ? or * to list all spells.
Aiming: Magic Dart (safe; 1% risk of failure)
Press: ? - help, Shift-Dir - straight line, f/p - Crazy Yiuf
Aim: Crazy Yiuf, wielding a +2 quarterstaff of chaos and wearing a +0 cloak (heavily wounded, 0% to evade)
The magic dart hits Crazy Yiuf.
Crazy Yiuf is almost dead.
You feel sick.
Crazy Yiuf hits you with a +2 quarterstaff of chaos!
Your blood congeals into armour.
Space warps horribly around you!!
* * * LOW HITPOINT WARNING * * *
You barely miss Crazy Yiuf.
Crazy Yiuf is almost dead.
* * * LOW HITPOINT WARNING * * *
You feel sick.
Crazy Yiuf hits you with a +2 quarterstaff of chaos.
You die...

.#.........##...#
.......÷...##.###
........#..##..#
........######## .........#
...#.....# #######
...#...#.# ### ###.#...###
.........# #...##..#......##
....#..#.# #...g@####......#
......#### #)..### ##..#..#
.........# ### #####.#
...∩##...# #.# ....###..#
##.# ....###..#############
#..#
....##.##....(.....†.####.##
........#.....##..........#
..............##....#######


You could see Crazy Yiuf.

Vanquished Creatures
  Grinder (D:4)
  Sigmund (D:4)
  Duvessa (D:4)
  An orc priest (D:4)
  A hound (D:5)
  An orc wizard (D:5)
  A worker ant (D:5)
  A howler monkey skeleton (D:4)
  10 adders
  2 worms
  2 dart slugs (D:2)
  2 leopard geckos
  6 orcs
  4 giant cockroaches
  4 hobgoblins
  5 jackals (D:2)
  2 quokkas (D:2)
  A ball python (D:2)
  2 bats
  8 frilled lizards
  A goblin (D:1)
  3 kobolds
  7 rats
67 creatures vanquished.

Vanquished Creatures (collateral kills)
  An ice beast (D:5)
  Dowan (D:4)
2 creatures vanquished.

Grand Total: 69 creatures vanquished

Notes
Turn   | Place    | Note
-------+----------+-------------------------------------------
     0 | D:1      | MisterFreud the Demonspawn Conjurer began the quest for the
                  | Orb.
     0 | D:1      | Reached XP level 1. HP: 13/13 MP: 3/3
   796 | D:2      | Gained mutation: When seriously injured, your bleeding
                  | wounds create armour. (AC +9) [demonic ancestry]
   796 | D:2      | Reached XP level 2. HP: 19/19 MP: 0/5
  1315 | D:2      | Gained mutation: A weak demonic guardian rushes to your
                  | aid. [demonic ancestry]
  1315 | D:2      | Reached XP level 3. HP: 24/24 MP: 2/6
  1885 | D:3      | Reached skill level 5 in Conjurations
  2312 | D:3      | Gained mutation: When seriously injured, your bleeding
                  | wounds create thick armour. (AC +9) [demonic ancestry]
  2312 | D:3      | Reached XP level 4. HP: 27/30 MP: 3/8
  2745 | D:4      | Noticed Dowan
  2768 | D:4      | Noticed Duvessa
  2785 | D:4      | Killed Dowan
  2889 | D:4      | Killed Duvessa
  2890 | D:4      | Reached skill level 6 in Conjurations
  2890 | D:4      | Gained mutation: You sometimes gain a little power by
                  | taking damage. [demonic ancestry]
  2890 | D:4      | Reached XP level 5. HP: 20/35 MP: 6/10
  3036 | D:4      | Found a hazy altar of Hepliaklqana.
  3062 | D:4      | Found a staircase to the Ecumenical Temple.
  3081 | D:4      | Noticed Sigmund
  3088 | D:4      | Killed Sigmund
  3089 | D:4      | Gained mutation: You have sharp toenails. [demonic
                  | ancestry]
  3089 | D:4      | Reached XP level 6. HP: 30/41 MP: 3/11
  3202 | D:4      | Found a shadowy altar of Dithmenos.
  3202 | D:4      | Noticed a shadow
  3321 | D:4      | Noticed Grinder
  3330 | D:4      | Killed Grinder
  3331 | D:4      | Reached skill level 7 in Conjurations
  3608 | D:5      | Entered Level 5 of the Dungeon
  3634 | D:4      | Reached XP level 7. HP: 30/46 MP: 8/13
  3842 | D:5      | Found Nubelyt's Armour Boutique.
  4161 | D:5      | Found Tuseky's Gadget Shop.
  4179 | D:5      | Found Ackoppeurph's Weapon Shop.
  4335 | D:5      | Found a transporter.
  4342 | D:5      | Found a transporter.
  4342 | D:5      | Noticed p0werm0de's ghost (amateur PaCK)
  4498 | Temple   | Entered the Ecumenical Temple
  4650 | Temple   | Became a worshipper of Sif Muna the Loreminder
  4791 | D:5      | Found Reheiru's Antique Armour Boutique.
  4823 | D:5      | Found Suru's Armour Shoppe.
  4893 | D:5      | Found a runed translucent door.
  4894 | D:5      | Noticed Crazy Yiuf
  4902 | D:5      | HP: 1/46 [Crazy Yiuf/+2 quarterstaff of chaos (20)]
  4903 | D:5      | Slain by Crazy Yiuf

Illustrated notes

Levels and vault maps discovered:
D:1:      lemuel_arrival_river_passageway, layout_loops_cross
D:2:      layout_basic, grunt_decor_arrowhead
D:3:      layout_loops_cross
D:4:      layout_rooms, riverfiend_overflow_shadow_ancestor,
          minmay_temple_entry_arrows, uniq_sigmund, uniq_grinder, uniq_duvessa
D:5:      layout_cave_pools, serial_shops, shop, shop, shop,
          nicolae_shop_behind_doors, kennysheep_mini, gammafunk_ghost_arena,
          uniq_crazy_yiuf_cottage
Temple:   eino_temple_scatter_basement

Skill      XL: |  1  2  3  4  5  6 |
---------------+-------------------+-----
Conjurations   | 5 6 7 |  7.9
Spellcasting   | 3 4 |  4.7
Dodging        | |  1.7
Stealth        | |  1.7

Action                   |  1- 3 |  4- 6 |  7- 9 || total
-------------------------+-------+-------+-------++-------
Melee: Short sword       |     9 |    16 |    18 ||    43
       Kick              |       |     2 |     3 ||     5
 Cast: Magic Dart        |    71 |    57 |    66 ||   194
Armor: Robe              |     4 |     5 |    13 ||    22
Dodge: Dodged            |     5 |    10 |    18 ||    33
